Workbook

Sheet Matriz
A1: MATRIZ DE RIESGO
A2: No. | B2: Clase | C2: Fuente | D2: Etapa | E2: Tipo | F2: Descripción (Qué puede pasar y, como puede ocurrir) | G2: Tratamiento /controles a ser implementados | H2: Impacto después del tratamiento | N2: ¿Afecta la ejecución del contrato? | O2: Persona responsable por implementar el tratamiento | Q2: Fecha estimada en que se inicia el tratamiento | R2: Fecha estimada en que se completa el tratamiento | S2: Monitoreo y revisión
H3: Probabilidad | J3: Impacto | L3: Valoración del riesgo | M3: Categoría
H4: Categoría | I4: Valoración | J4: Categoría | K4: Valoración | P4: Persona que asume el riesgo | S4: ¿Cómo se realiza el monitoreo ? | T4: Periodicid ad ¿Cuándo?
A5: 1 | B5: GENERAL | C5: EXTERNO | D5: CONTRATACION | E5: RIESGOS REGULATORIOS | F5: Riesgos ocasionados por cambios de normatividad…. Cambios normativos o regulatorios que, durante la ejecución del contrato, generen impactos económicos, financieros, operativos o afecten el desarrollo de las actividades previstas.” | G5: Verificar actualización y vigencia de la normatividad aplicable Realizar seguimiento permanente a la actualización y vigencia de la normatividad aplicable, identificando oportunamente cambios que puedan afectar la ecuación financiera del contrato o el desarrollo de las actividades previstas, y adoptar las medidas de ajuste que correspondan | H5: Raro | I5: =VLOOKUP(H5,Escalas!$B$5:$C$10,2,FALSE) -> 1 | J5: Moderado | K5: =VLOOKUP(J5,Escalas!$B$16:$C$20,2,FALSE) -> 3 | L5: =I5*K5 -> 3 | M5: =IF(L5<=4, "Riesgo Bajo", IF(L5<=12, "Riesgo Medio", "Riesgo Alto")) -> Riesgo Bajo | N5: SI | O5: Entidad estatal / Contratista | P5: Entidad estatal | Q5: Una vez suscrita el acta de inicio | R5: Finalización del contrato | S5: Revisión de la normatividad. | T5: MENSUAL
A6: 2 | B6: ESPECIFICO | C6: INTERNO | D6: EJECUCIÓN | E6: RIESGOS ECONOMICOS | F6: Deficiencia en el suministro de información sobre la forma como se define la utilidad del contrato | G6: Diferencias en la la forma como se calcula o conciliar el pago de comisión o pago al contratista | H6: Raro | I6: =VLOOKUP(H6,Escalas!$B$5:$C$10,2,FALSE) -> 1 | J6: Moderado | K6: =VLOOKUP(J6,Escalas!$B$16:$C$20,2,FALSE) -> 3 | L6: =I6*K6 -> 3 | M6: =IF(L6<=4, "Riesgo Bajo", IF(L6<=12, "Riesgo Medio", "Riesgo Alto")) -> Riesgo Bajo | N6: Si | O6: Dirección de Empleo y Trabajo | P6: Contratista | Q6: Desde la apertura del proceso de contratación | R6: Finalización del contrato | S6: Establecer los mecanismo claros de cálculo y conciliación de las operaciones que originan los pagos de comisión fiduciaria | T6: MENSUAL
A7: 3 | B7: ESPECIFICO | C7: INTERNO | D7: EJECUCION | E7: RIESGOS OPERACIONALES | F7: Deficiencia en la determinación de los plazos y/o traslado de aportes de capital semilla. | G7: Seguimiento y redefinición de los plazos de pago para la ejecución del contrato y de los emprendedores | H7: Raro | I7: =VLOOKUP(H7,Escalas!$B$5:$C$10,2,FALSE) -> 1 | J7: Insignificante | K7: =VLOOKUP(J7,Escalas!$B$16:$C$20,2,FALSE) -> 1 | L7: =I7*K7 -> 1 | M7: =IF(L7<=4, "Riesgo Bajo", IF(L7<=12, "Riesgo Medio", "Riesgo Alto")) -> Riesgo Bajo | N7: Si | O7: Dirección de Empleo y Trabajo | P7: Contratista | Q7: Desde la apertura del proceso de contratación | R7: Finalización del contrato | S7: Seguimiento al flujo de caja en la ejecución. | T7: MENSUAL
A8: 4 | B8: ESPECIFICO | C8: EXTERNO | D8: EJECUCION | E8: RIESGOS OPERACIONALES | F8: Uso de procesos, procedimientos o parámetros inapropiados para la ejecución del contrato. | G8: Revisión oportuna y redefinición de procesos, procedimientos o parámetros. | H8: Posible | I8: =VLOOKUP(H8,Escalas!$B$5:$C$10,2,FALSE) -> 3 | J8: Menor | K8: =VLOOKUP(J8,Escalas!$B$16:$C$20,2,FALSE) -> 2 | L8: =I8*K8 -> 6 | M8: =IF(L8<=4, "Riesgo Bajo", IF(L8<=12, "Riesgo Medio", "Riesgo Alto")) -> Riesgo Medio | N8: SI | O8: Contratista y/o supervisión | P8: Entidad estatal /Contratista | Q8: Desde la suscripción del acta de inicio | R8: Finalización del contrato | S8: Revisión y publicación de de los procesos, procedimientos y parámetros para claridad en las actividades a cumplir por el contratista | T8: SEGÚN SISTEMA DE GESTION SENA
A9: 5 | B9: ESPECIFICO | C9: EXTERNO | D9: EJECUCION | E9: RIESGOS TECNOLOGICOS | F9: Falla en sistemas de información y/o uso de tecnología. | G9: Implementación de sistemas de respaldo y organización de la información. Utilización del plan de contigencia. | H9: Improbable | I9: =VLOOKUP(H9,Escalas!$B$5:$C$10,2,FALSE) -> 2 | J9: Menor | K9: =VLOOKUP(J9,Escalas!$B$16:$C$20,2,FALSE) -> 2 | L9: =I9*K9 -> 4 | M9: =IF(L9<=4, "Riesgo Bajo", IF(L9<=12, "Riesgo Medio", "Riesgo Alto")) -> Riesgo Bajo | N9: SI | O9: Contratista | P9: Contratista | Q9: Desde la suscripción del acta de inicio | R9: Finalización del contrato | S9: Verificación de rutinas de protección y respaldo de la información y mantenimiento de herramientas tecnológicas. | T9: SEMANAL
A10: 6 | B10: ESPECIFICO | C10: EXTERNO | D10: EJECUCION | E10: RIESGOS OPERACIONALES | F10: Insuficiencia o inadecuado personal calificado para la ejecución del contrato | G10: Previsión de estrategias de selección y vinculación de personal acorde con las obligaciones y necesaidades de la operación de pagos | H10: Posible | I10: =VLOOKUP(H10,Escalas!$B$5:$C$10,2,FALSE) -> 3 | J10: Menor | K10: =VLOOKUP(J10,Escalas!$B$16:$C$20,2,FALSE) -> 2 | L10: =I10*K10 -> 6 | M10: =IF(L10<=4, "Riesgo Bajo", IF(L10<=12, "Riesgo Medio", "Riesgo Alto")) -> Riesgo Medio | N10: SI | O10: Contratista y/o supervisión | P10: Contratista | Q10: Desde la suscripción del acta de inicio | R10: Finalización del contrato | S10: Revisión de perfiles de minimo con cumplimiento de requisitos establecidos | T10: MENSUAL
A11: 7 | B11: ESPECIFICO | C11: EXTERNO | D11: EJECUCION | E11: RIESGOS OPERACIONALES | F11: Uso de herramienta o equipo técnico inadecuado o insuficiente | G11: Implementación de prácticas de control de calidad y programación de equipo (portal bancario) | H11: Raro | I11: =VLOOKUP(H11,Escalas!$B$5:$C$10,2,FALSE) -> 1 | J11: Insignificante | K11: =VLOOKUP(J11,Escalas!$B$16:$C$20,2,FALSE) -> 1 | L11: =I11*K11 -> 1 | M11: =IF(L11<=4, "Riesgo Bajo", IF(L11<=12, "Riesgo Medio", "Riesgo Alto")) -> Riesgo Bajo | N11: SI | O11: Contratista y/o supervisión | P11: Contratista | Q11: Desde la suscripción del acta de inicio | R11: Finalización del contrato | S11: Revisión de decisiones sobre procesos, procedimientos y parámetros.(regulación obligatoria de la SFC) | T11: DIARIO
A12: 8 | B12: ESPECIFICO | C12: EXTERNO | D12: EJECUCION | E12: RIESGOS OPERACIONALES | F12: Imposibilidad de la ejecuciòn contractual como consecuencia de hechos de fuerza mayor o caso fortuito. | G12: Seguimiento y control Constante de la Supervisiòn del Contrato y la Interventorìa de los Contratos de Cooperaciòn. | H12: Raro | I12: =VLOOKUP(H12,Escalas!$B$5:$C$10,2,FALSE) -> 1 | J12: Mayor | K12: =VLOOKUP(J12,Escalas!$B$16:$C$20,2,FALSE) -> 4 | L12: =I12*K12 -> 4 | M12: =IF(L12<=4, "Riesgo Bajo", IF(L12<=12, "Riesgo Medio", "Riesgo Alto")) -> Riesgo Bajo | N12: SI | O12: Contratista y/o supervisión | P12: Entidad estatal | Q12: Desde la suscripción del acta de inicio | R12: Finalización del contrato | S12: Seguimiento y Control de la Supervisiòn del Contrato. Seguimiento del Comité Tècnico de Mejora del Contrato, Visitas de Interventorìa a los Contratos de Cooperaciòn. | T12: MENSUAL
A13: 9 | B13: ESPECIFICO | C13: EXTERNO | D13: EJECUCION | E13: RIESGOS TECNOLOGICOS | F13: Implementación de nuevos desarrollos tecnológicos o estándares que deben ser tenidos en cuenta para la ejecución del contrato. | G13: Oportuna incorporación de desarrollos o estándares. | H13: Raro | I13: =VLOOKUP(H13,Escalas!$B$5:$C$10,2,FALSE) -> 1 | J13: Moderado | K13: =VLOOKUP(J13,Escalas!$B$16:$C$20,2,FALSE) -> 3 | L13: =I13*K13 -> 3 | M13: =IF(L13<=4, "Riesgo Bajo", IF(L13<=12, "Riesgo Medio", "Riesgo Alto")) -> Riesgo Bajo | N13: SI | O13: Contratista | P13: Contratista | Q13: Desde la suscripción del acta de inicio | R13: Finalización del contrato | S13: Actualización de información sobre tecnologías aplicables al desarrollo del contrato. | T13: MENSUAL
A14: 10 | B14: ESPECIFICO | C14: EXTERNO | D14: EJECUCION | E14: RIESGOS OPERACIONALES | F14: Desacuerdo en la etapa de liquidación | G14: Adecuado seguimiento en la etapa de ejecución | H14: Posible | I14: =VLOOKUP(H14,Escalas!$B$5:$C$10,2,FALSE) -> 3 | J14: Menor | K14: =VLOOKUP(J14,Escalas!$B$16:$C$20,2,FALSE) -> 2 | L14: =I14*K14 -> 6 | M14: =IF(L14<=4, "Riesgo Bajo", IF(L14<=12, "Riesgo Medio", "Riesgo Alto")) -> Riesgo Medio | N14: NO | O14: Contratista y/o supervisión | P14: Contratista y entidad estatal | Q14: Desde la suscripción del acta de inicio | R14: Finalización del contrato | S14: Seguimiento detallado de la ejecucón presupuestal, técnica, de calidad, entre otros | T14: MENSUAL
A15: 11 | B15: ESPECIFICO | C15: EXTERNO | D15: EJECUCION | E15: RIESGOS OPERACIONALES | F15: Terminación anormal del contrato | G15: Adecuado seguimiento al cumplimiento a las obligaciones contractuales | H15: Raro | I15: =VLOOKUP(H15,Escalas!$B$5:$C$10,2,FALSE) -> 1 | J15: Menor | K15: =VLOOKUP(J15,Escalas!$B$16:$C$20,2,FALSE) -> 2 | L15: =I15*K15 -> 2 | M15: =IF(L15<=4, "Riesgo Bajo", IF(L15<=12, "Riesgo Medio", "Riesgo Alto")) -> Riesgo Bajo | N15: NO | O15: Contratista y/o supervisión | P15: Contratista y entidad estatal | Q15: Desde la suscripción del acta de inicio | R15: Finalización del contrato | S15: Seguimiento a las actividades planteadas con requerimiento a la aseguradora en caso de requerirse y/o clausulas del contrato. | T15: MENSUAL
A16: 12 | B16: ESPECIFICO | C16: EXTERNO | D16: EJECUCION | E16: RIESGOS OPERACIONALES | F16: Inadecuada supervisión del contrato | G16: Adecuado seguimiento al cumplimiento a las obligaciones contractuales | H16: Raro | I16: =VLOOKUP(H16,Escalas!$B$5:$C$10,2,FALSE) -> 1 | J16: Menor | K16: =VLOOKUP(J16,Escalas!$B$16:$C$20,2,FALSE) -> 2 | L16: =I16*K16 -> 2 | M16: =IF(L16<=4, "Riesgo Bajo", IF(L16<=12, "Riesgo Medio", "Riesgo Alto")) -> Riesgo Bajo | N16: NO | O16: Supervisión | P16: Entidad estatal | Q16: Desde la suscripción del acta de inicio | R16: Finalización del contrato | S16: Seguimiento por parte del Director ejecutivo del Fondo Emprender | T16: MENSUAL
A17: 13 | B17: ESPECIFICO | C17: EXTERNO | D17: EJECUCION | E17: RIESGOS OPERACIONALES | F17: Inadecuados controles que generen riesgos de seguridad por hackeo o fraude cibernético | G17: Adecuado seguimiento a las políticas de seguridad de la información | H17: Raro | I17: =VLOOKUP(H17,Escalas!$B$5:$C$10,2,FALSE) -> 1 | J17: Menor | K17: =VLOOKUP(J17,Escalas!$B$16:$C$20,2,FALSE) -> 2 | L17: =I17*K17 -> 2 | M17: =IF(L17<=4, "Riesgo Bajo", IF(L17<=12, "Riesgo Medio", "Riesgo Alto")) -> Riesgo Bajo | N17: NO | O17: Contratista | P17: Contratista | Q17: Desde la suscripción del acta de inicio | R17: Finalización del contrato | S17: Seguimiento por parte del supervisor respecto a los manejos de la política de seguridad de la información, cobertura de las pólizas requeridas. | T17: MENSUAL
A18: 14 | B18: ESPECIFICO | C18: EXTERNO | D18: EJECUCION | E18: RIESGOS OPERACIONALES | F18: Fallas en custodia, segregación contable y trazabilidad: mezclar recursos o errores en registro/conciliación, causando pagos con destinación incorrecta o falta de trazabilidad. | G18: Segregación de cuentas y plan contable obligatorio; conciliación semanal (o diaria si volumen alto); bitácora/auditoría inalterable; validación de movimientos antes de ejecución. | H18: Posible | I18: 3 | J18: Mayor | K18: 4 | L18: =I18*K18 -> 12 | M18: =IF(L18<=4, "Riesgo Bajo", IF(L18<=12, "Riesgo Medio", "Riesgo Alto")) -> Riesgo Medio | N18: SI | O18: Contratista (Fiduciaria) | P18: Contratista | Q18: Acta de inicio | R18: Liquidación | S18: Conciliaciones y muestreos de trazabilidad | T18: Mensual
A19: 15 | B19: ESPECIFICO | C19: EXTERNO | D19: EJECUCION | E19: RIESGOS OPERACIONALES | F19: Pagos indebidos por validación débil: desembolsos duplicados, sin soportes o sin cumplir causales/criterios dispuestos por el FE | G19: Flujo de desembolsos solicitados que sean procesados por la fiducia por mayor valor sin cumplir con instruccion rcibida vía plataforma | H19: Posible | I19: 3 | J19: Mayor | K19: 4 | L19: =I19*K19 -> 12 | M19: =IF(L19<=4, "Riesgo Bajo", IF(L19<=12, "Riesgo Medio", "Riesgo Alto")) -> Riesgo Medio | N19: SI | O19: Contratista (Fiduciaria) | P19: Contratista | Q19: Acta de inicio | R19: Liquidación | S19: Revisión de solicitudes de desembolso y conciliación mensual de operaciones. | T19: Mensual
A20: 16 | B20: ESPECIFICO | C20: EXTERNO | D20: EJECUCION | E20: RIESGOS OPERACIONALES | F20: Fraude interno / manipulación documental: alteración de soportes o instrucciones, colusión o ejecución no autorizada de pagos. | G20: Segregación de funciones (quien solicita ≠ aprueba ≠ ejecuta); controles antifraude; aprobaciones multiactor; trazabilidad de cambios; auditorías aleatorias. | H20: Posible | I20: 3 | J20: Mayor | K20: 4 | L20: =I20*K20 -> 12 | M20: =IF(L20<=4, "Riesgo Bajo", IF(L20<=12, "Riesgo Medio", "Riesgo Alto")) -> Riesgo Medio | N20: SI | O20: Contratista (Fiduciaria) | P20: Contratista | Q20: Acta de inicio | R20: Liquidación | S20: Aplicación de gestión de riesgos SARO y pólizas vigentes validadas por la supervisión | T20: Mensual
A21: 17 | B21: ESPECIFICO | C21: EXTERNO | D21: EJECUCION | E21: RIESGOS TECNOLOGICOS | F21: Seguridad de la información por accesos y cambios no autorizados: errores de permisos, borrado de logs, cambios a parámetros críticos. | G21: Control de accesos por roles (RBAC); logs con retención/inmutabilidad; gobierno de cambios; backup y recuperación; validación de parámetros críticos. | H21: Posible | I21: 3 | J21: Moderado | K21: 3 | L21: =I21*K21 -> 9 | M21: =IF(L21<=4, "Riesgo Bajo", IF(L21<=12, "Riesgo Medio", "Riesgo Alto")) -> Riesgo Medio | N21: SI | O21: Contratista (Fiduciaria) - supervisión | P21: Contratista | Q21: Acta de inicio | R21: Liquidación | S21: Aplicación de los protocolos de control de riesgos operativos validados por la supervisión del contrato | T21: Mensual
A22: 18 | B22: ESPECIFICO | C22: EXTERNO | D22: EJECUCION | E22: RIESGOS FINANCIEROS | F22: Riesgo de liquidez/tesorería: retrasos por manejo de flujo o disponibilidad insuficiente para giros, afectando oportunidad de desembolsos. | G22: cumplimiento de las Política de inversión; liquidez y gestión de riesgos de la entidad fiduciaria. | H22: Posible | I22: 3 | J22: Moderado | K22: 3 | L22: =I22*K22 -> 9 | M22: =IF(L22<=4, "Riesgo Bajo", IF(L22<=12, "Riesgo Medio", "Riesgo Alto")) -> Riesgo Medio | N22: SI | O22: Dirección del Fondo Emprender / Supervisión | P22: Contratista | Q22: Planeación y antes de giros | R22: Liquidación | S22: Informes mensuales, fichas de portafolio y estados de cuenta de las cuentas o subcuentas conciliables mes a mes | T22: Mensual
A23: 19 | B23: ESPECIFICO | C23: EXTERNO | D23: EJECUCION | E23: RIESGOS OPERACIONALES | F23: Incumplimiento de informes de gestion y financieros de la operación o encargo fiduciario/conciliaciones: reportes tardíos o incompletos para SENA, dificultando seguimiento técnico/financiero. | G23: Incluir obligaciones con tiempos para la entrega de los informes y/o reportes (tiempo, formato, completitud) que permitan la conciliación y la probación de los mismso por el supervisor del contrato. | H23: Posible | I23: 3 | J23: Moderado | K23: 3 | L23: =I23*K23 -> 9 | M23: =IF(L23<=4, "Riesgo Bajo", IF(L23<=12, "Riesgo Medio", "Riesgo Alto")) -> Riesgo Medio | N23: SI | O23: Contratista (Fiducia) - Supervisión | P23: Contratista | Q23: Desde apertura/acta de inicio | R23: Liquidación | S23: informes y/o reportes con conciliació y aprobación de supervisor | T23: Mensual
A24: 20 | B24: GENERAL | C24: EXTERNO | D24: CONTRATACION | E24: RIESGOS LEGALES / PROCESALES | F24: Controversias en la convocatoria: reclamaciones por requisitos/evaluación; medidas judiciales que suspenden el proceso o afectan el cronograma. | G24: Trazabilidad de evaluación (actas y soportes); revisión jurídica independiente; gestión del cronograma; respuesta oportuna a observaciones/recursos. | H24: Raro | I24: 1 | J24: Mayor | K24: 4 | L24: =I24*K24 -> 4 | M24: =IF(L24<=4, "Riesgo Bajo", IF(L24<=12, "Riesgo Medio", "Riesgo Alto")) -> Riesgo Bajo | N24: SI | O24: Entidad estatal (Área Jurídica) | P24: Entidad estatal | Q24: Antes y durante selección | R24: Hasta suscripción | S24: Auditoría del proceso de evaluación y control de hitos | T24: Por evento (y mensual)
A25: 21 | B25: ESPECIFICO | C25: EXTERNO | D25: EJECUCION | E25: RIESGOS OPERACIONALES | F25: Incumplimiento de instrucciones de desembolso - políticas o requsitos del FE (monto de recursos aprobados): uso indebido del dinero por interpretaciones y/o configuración de riesgos operativos dadas las instrucciones de desembolso recibidas por el SENA. | G25: Montos y ID de las solicitudes de desembolso aprobadas por el ordenador SENA y confrimadas bancariamente como efectivas | H25: Improbable | I25: 1 | J25: Mayor | K25: 4 | L25: =I25*K25 -> 4 | M25: =IF(L25<=4, "Riesgo Bajo", IF(L25<=12, "Riesgo Medio", "Riesgo Alto")) -> Riesgo Bajo | N25: SI | O25: Contratista (Fiducia) - Supervisión | P25: Contratista | Q25: Acta de inicio | R25: Liquidación | S25: Validación de instrucciones frente a monto y rubros solicitado y aprobado por el SENA - FE | T25: Mensual

Sheet Escalas
B3: 1. Escala de Probabilidad (5 niveles)
B5: Nivel | C5: Valor | D5: Descripción
B6: Raro | C6: 1 | D6: Puede ocurrir únicamente en circunstancias excepcionales.
B7: Improbable | C7: 2 | D7: Podría ocurrir ocasionalmente.
B8: Posible | C8: 3 | D8: Puede ocurrir en algún momento durante la ejecución.
B9: Probable | C9: 4 | D9: Ocurrirá varias veces durante la ejecución.
B10: Casi seguro | C10: 5 | D10: Se espera que ocurra con alta frecuencia.
B13: 2. Escala de Impacto (5 niveles)
B15: Nivel | C15: Valor | D15: Descripción
B16: Insignificante | C16: 1 | D16: Sin afectación relevante al objetivo.
B17: Menor | C17: 2 | D17: Retrasos o afectaciones menores y corregibles.
B18: Moderado | C18: 3 | D18: Impacto sobre cronograma, costos o calidad.
B19: Mayor | C19: 4 | D19: Compromete parcialmente el cumplimiento contractual.
B20: Catastrófico | C20: 5 | D20: Impide el logro de los objetivos o genera incumplimientos graves.
B23: 3. Matriz de Valoración 5x5
B25: Valoración = Probabilidad × Impacto
B27: Probabilidad \ Impacto | C27: 1 Insignificante | D27: 2 Menor | E27: 3 Moderado | F27: 4 Mayor | G27: 5 Catastrófico | H27: Imp
B28: 5 Casi seguro | C28: 5 | D28: 10 | E28: 15 | F28: 20 | G28: 25
B29: 4 Probable | C29: 4 | D29: 8 | E29: 12 | F29: 16 | G29: 20
B30: 3 Posible | C30: 3 | D30: 6 | E30: 9 | F30: 12 | G30: 15
B31: 2 Improbable | C31: 2 | D31: 4 | E31: 6 | F31: 8 | G31: 10
B32: 1 Raro | C32: 1 | D32: 2 | E32: 3 | F32: 4 | G32: 5
B33: Prob
